 Dungeon Crawl Stone Soup version 0.30-a0-777-ga9a30cbeda (webtiles) character file.

Game seed: 16153773200929156545

20711 arthad the Carver (level 12, -25/92 HPs)
             Began as a Gnoll Wanderer on Feb 14, 2023.
             Was an Initiate of Gozag.
             Annihilated by Rupert
             ... wielding a +0 heavy great sword
              (48 damage)
             ... on level 12 of the Dungeon.
             The game lasted 00:35:08 (13169 turns).

arthad the Carver (Gnoll Wanderer)                 Turns: 13169, Time: 00:35:08

Health: -25/92     AC: 18    Str: 18    XL:     12   Next: 82%
Magic:  23/31      EV: 10    Int: 29    God:    Gozag
Gold:   1080       SH: 16    Dex:  8    Spells: 21/28 levels left

rFire   + + .      SeeInvis .    G - +12 falchion of the Sheltering Bear {freeze, *Rage rF+ MP+9 Int+8}
rCold   + . .      Faith    .    o - +2 kite shield {AC+3}
rNeg    . . .      Spirit   .    T - +2 scale mail "Tounucwa" {rElec rCorr Int+4 Dex-3}
rPois   .          Reflect  +    r - +0 helmet
rElec   +          Harm     .    k - scarf {rC+ rF+}
rCorr   +          Rampage  .    H - +0 pair of gloves
Will    .....      Archmagi +    (no boots)
Stlth   ++         Rage     20%  l - amulet of reflection
HPRegen 0.35/turn                B - ring of the Mage {Wiz Archmagi}
MPRegen 0.22/turn                x - +6 ring of strength

@: on berserk cooldown, invisible (expiring)
A: fangs 1, strong nose, distributed training, iridescent scales 1, low MP 1
a: Renounce Religion, Potion Petition, Call Merchant, Bribe Branch


You were on level 12 of the Dungeon.
You worshipped Gozag.
Gozag was most pleased with you.
You visited 2 branches of the dungeon, and saw 14 of its levels.

You collected 3224 gold pieces.
You spent 2047 gold pieces at shops.
You paid 97 gold pieces to Gozag.

Inventory:

Hand Weapons
 a - a +2 falchion
 e - a +4 falchion
 G - the +12 falchion of the Sheltering Bear (weapon) {freeze, *Rage rF+ MP+9 Int+8}
   (You bought it in a shop on level 9 of the Dungeon)

   Int:       It affects your intelligence (+8).
   rF:        It protects you from fire.
   MP:        It affects your magic capacity (+9).
   *Rage:     It berserks you when you make melee attacks (+20% chance).
Missiles
 Q - 6 poisoned darts
Armour
 b - a +0 cloak
 d - a +0 robe
 k - a scarf of resistance (worn)
 o - a +2 kite shield of protection (worn)
 r - a +0 helmet (worn)
 u - a +0 scale mail
 A - a scarf of resistance
 C - a +3 ring mail
 H - a +0 pair of gloves (worn)
 L - the +0 robe of Mutualism {rElec Will- SInv}
   (You found it on level 11 of the Dungeon)

   rElec:     It insulates you from electricity.
   SInv:      It lets you see invisible.
   Will:      It decreases your willpower.
 R - a +2 scale mail of cold resistance
 T - the +2 scale mail "Tounucwa" (worn) {rElec rCorr Int+4 Dex-3}
   (You bought it in a shop on level 12 of the Dungeon)

   Int:       It affects your intelligence (+4).
   Dex:       It affects your dexterity (-3).
   rElec:     It insulates you from electricity.
   rCorr:     It protects you from acid and corrosion.
 U - the +4 scale mail of the Devil's Advocate {+Blink Fly Dex-5}
   (You bought it in a shop on level 12 of the Dungeon)

   Dex:       It affects your dexterity (-5).
   Fly:       It grants you flight.
   +Blink:    It lets you blink.
 V - a +2 pair of gloves
Magical Staves
 O - a staff of air
Jewellery
 l - an amulet of reflection (around neck)
 p - a ring of poison resistance
 x - a +6 ring of strength (right hand)
 B - the ring of the Mage (left hand) {Wiz Archmagi}
   (You found it on level 7 of the Dungeon)

   [ring of wizardry]

   It improves your spell success rate.
   Archmagi:  It increases the power of your magical spells.
 P - a ring of ice
Wands
 t - a wand of flame (4)
 D - a wand of mindburst (12)
 I - a wand of polymorph (10)
 N - a wand of digging (7)
Scrolls
 c - 2 scrolls of blinking
 f - 3 scrolls of identify
 g - 2 scrolls of fog
 i - 3 scrolls of fear
 j - 2 scrolls of amnesia
 m - a scroll of torment
 n - 7 scrolls of teleportation
 q - 3 scrolls of magic mapping
 s - a scroll of noise
 y - a scroll of immolation
 M - a scroll of brand weapon
Potions
 h - a potion of haste
 v - 2 potions of brilliance
 w - 2 potions of berserk rage
 E - 2 potions of magic
 J - 3 potions of lignification
 K - 2 potions of curing
 S - a potion of degeneration


   Skills:
 + Level 7.9 Fighting
 + Level 7.9 Short Blades
 + Level 12.9 Long Blades
 + Level 7.9 Axes
 + Level 7.9 Maces & Flails
 + Level 7.9 Polearms
 + Level 7.9 Staves
 + Level 7.9 Ranged Weapons
 + Level 7.9 Throwing
 + Level 8.4 Armour
 + Level 9.2 Dodging
 + Level 7.9 Stealth
 + Level 7.9 Shields
 + Level 7.9 Unarmed Combat
 + Level 8.5 Spellcasting
 + Level 6.6 Conjurations
 + Level 6.6 Hexes
 + Level 7.0 Summonings
 + Level 6.6 Necromancy
 + Level 6.6 Translocations
 + Level 6.6 Transmutations
 + Level 6.6 Fire Magic
 + Level 6.6 Ice Magic
 + Level 6.6 Air Magic
 + Level 6.6 Earth Magic
 + Level 6.6 Poison Magic
 + Level 8.7 Invocations
 + Level 7.9 Evocations


You had 21 spell levels left.
You knew the following spells:

 Your Spells              Type           Power      Damage    Failure   Level
a - Summon Small Mammal   Summ           100%       N/A       1%          1
b - Summon Guardian Gole  Hex/Summ       67%        N/A       2%          3
c - Tukima's Dance        Hex            66%        N/A       2%          3

Your spell library contained the following spells:

 Spells                   Type           Power      Damage    Failure   Level
 Beastly Appendage        Tmut           100%       N/A       1%          1
 Sublimation of Blood     Necr           66%        N/A       1%          2
 Wereblood                Tmut           66%        N/A       1%          2
 Portal Projectile        Hex/Tloc       100%       N/A       2%          3
 Spider Form              Tmut/Pois      66%        N/A       2%          3
 Passage of Golubria      Tloc           66%        N/A       9%          4
 Blade Hands              Tmut           33%        N/A       22%         5
 Yara's Violent Unravell  Hex/Tmut       33%        3d14      22%         5
 Summon Hydra             Summ           34%        N/A       99%         7


Dungeon Overview and Level Annotations

Branches:
Dungeon (13/15)            Temple (1/1) D:5            Lair (0/5) D:11
    Orc (0/2) D:9
 Vaults: D:13-14

Altars:
Ashenzari
Cheibriados
Dithmenos
Elyvilon
Fedhas
Gozag
Hepliaklqana
Kikubaaqudgha
Makhleb
Nemelex Xobeh
Okawaru
Qazlal
Ru
Sif Muna
Trog
Uskayaw
Vehumet
Wu Jian
Xom
Yredelemnul
Zin
The Shining One
Jiyva

Shops:
D:9 (   D:12 [

Annotations:
D:5 2 runed translucent doors, yumyumyeen's ghost, novice MiBe
D:10 3 runed translucent doors, Cancer's ghost, journeyman TeAE
D:12 Rupert


Innate Abilities, Weirdness & Mutations

You have very sharp teeth.
Your uncanny sense of smell can sniff out nearby items.
Your experience applies equally to all skills.
You are partially covered in iridescent scales. (AC +2)
Your magical capacity is low. (-10% MP)


Message History

You are too confused!
You feel better.
Your quokka bites Rupert but does no damage. x2
Rupert misses your quokka.
Your quokka bites Rupert but does no damage.
Your quokka bites Rupert.
Your quokka bites Rupert.
Your quokka closely misses Rupert.
Rupert roars wildly at your quokka.
Your quokka suddenly stops moving!
Rupert roars madly and goes into a rage!
Rupert goes berserk!
Your quokka barely misses Rupert.
You feel yourself speed up.
Rupert hits your quokka with a +0 heavy great sword!!
Your quokka dies!
Your quokka's corpse disappears in a puff of smoke!
Your quokka misses Rupert.
Rupert shouts!
Unknown command.
Casting: Summon Small Mammal (safe; 1% risk of failure)
Confirm with . or Enter, or press ? or * to list all spells.
You feel a surge of power!
Rupert hits your quokka with a +0 heavy great sword!!
Your quokka dies!
Your quokka's corpse disappears in a puff of smoke!
Casting: Summon Small Mammal (safe; 1% risk of failure)
Confirm with . or Enter, or press ? or * to list all spells.
You feel a surge of power!
Rupert rages.
Rupert hits your bat with a +0 heavy great sword!
Your bat dies!
Your bat's corpse disappears in a puff of smoke!
You flicker for a moment.
Rupert rages.
Your quokka bites Rupert.
Unknown command.
Rupert rages.
Rupert hits you with a +0 heavy great sword!!!
Ouch! That really hurt!
You die...
Your body crumbles into a pile of gold.

..........##.........###.........
#.............................#..
........................##...###.
..........#.........)..####...##.
.....8...............>###........
..............##[...(..##......#.
..............##...............#.
..............#...9...........#..
................@....#........#..
............#..#.@r..#...........
...##........###..##.............
.....#.........##.##.........##.#
.##.##......#.....####.......##<#
.#.....###[###.##..# ###......#.#
....>.####.# ###.).###.......##.#
...##..#...###.....#.........##..
#...........##.)........#........


You could see Rupert (berserk, unable to see you, ally target), a friendly
guardian golem (summoned) and a friendly quokka (summoned, sheltered).

Vanquished Creatures
  Kirke (D:12)
  Harold (D:11)
  A centaur warrior (D:12)
  3 two-headed ogres
  A boulder beetle (D:11)
  3 death yaks (D:11)
  2 deep elf pyromancers (D:12)
  2 ugly things (D:12)
  A cyclops (D:12)
  A manticore (D:12)
  4 gargoyles
  An unseen horror (D:12)
  A komodo dragon (D:10)
  3 trolls
  3 meliai (D:13)
  Prince Ribbit (D:5)
  6 slime creatures
  2 shadows (D:11)
  A wyvern (D:7)
  16 yaks
  Eustachio (D:4)
  A steam dragon (D:6)
  4 vampire mosquitoes (D:10)
  A water moccasin (D:7)
  An acid dragon (D:11)
  2 orc warriors
  An ice beast (D:5)
  3 black bears
  8 centaurs
  3 kobold brigands
  2 gnoll sergeants
  2 scorpions (D:5)
  A necrophage (D:7)
  7 wights
  3 killer bees (D:9)
  4 howler monkeys
  3 hounds
  2 gnoll boudas
  An orc priest (D:11)
  5 jellies
  5 iguanas
  10 orc wizards
  11 gnolls
  5 adders
  A shadow imp (D:8)
  A worm (D:4)
  4 dart slugs
  30 orcs
  4 endoplasms
  4 giant cockroaches
  7 goblins
  5 hobgoblins
  6 quokkas
  11 ball pythons
  7 bats
  2 frilled lizards (D:3)
  20 kobolds
  4 rats
246 creatures vanquished.

Vanquished Creatures (collateral kills)
  A bullfrog (D:7)
  An adder (D:2)
  A ball python (D:1)
  An endoplasm (D:2)
  A goblin (D:2)
  A frilled lizard (D:1)
  3 rats
9 creatures vanquished.

Vanquished Creatures (others)
  An ugly thing (D:6)
  Maggie (D:6)
  A troll (D:6)
  A wyvern (D:6)
  A kobold (D:8)
5 creatures vanquished.

Grand Total: 260 creatures vanquished

Notes
Turn   | Place    | Note
-------+----------+-------------------------------------------
     0 | D:1      | Reached skill level 10 in Long Blades
     0 | D:1      | arthad the Gnoll Wanderer began the quest for the Orb.
     0 | D:1      | arthad set off with the following items: a +2 falchion, a
                  | +0 cloak, a scroll of blinking, a +0 robe; and the
                  | following spell memorised: Summon Small Mammal; and the
                  | following spells available to memorise: Summon Guardian
                  | Golem.
     0 | D:1      | Reached XP level 1. HP: 13/13 MP: 4/4
   204 | D:1      | Reached XP level 2. HP: 19/19 MP: 5/5
   506 | D:1      | Reached XP level 3. HP: 25/25 MP: 7/7
   510 | D:1      | Learned a level 3 spell: Summon Guardian Golem
   786 | D:2      | Reached skill level 1 in Invocations
  1249 | D:2      | Reached skill level 1 in Fighting
  1249 | D:2      | Reached skill level 1 in Short Blades
  1249 | D:2      | Reached skill level 1 in Axes
  1249 | D:2      | Reached skill level 1 in Maces & Flails
  1249 | D:2      | Reached skill level 1 in Polearms
  1249 | D:2      | Reached skill level 1 in Staves
  1249 | D:2      | Reached skill level 1 in Ranged Weapons
  1249 | D:2      | Reached skill level 1 in Throwing
  1249 | D:2      | Reached skill level 1 in Stealth
  1249 | D:2      | Reached skill level 1 in Shields
  1249 | D:2      | Reached skill level 1 in Unarmed Combat
  1249 | D:2      | Reached skill level 1 in Evocations
  1392 | D:2      | Reached XP level 4. HP: 28/32 MP: 8/8
  1720 | D:3      | Found a faded altar of an unknown god.
  2050 | D:3      | Found a burning altar of Makhleb.
  2078 | D:3      | Reached skill level 1 in Conjurations
  2078 | D:3      | Reached skill level 1 in Hexes
  2078 | D:3      | Reached skill level 1 in Necromancy
  2078 | D:3      | Reached skill level 1 in Translocations
  2078 | D:3      | Reached skill level 1 in Transmutations
  2078 | D:3      | Reached skill level 1 in Fire Magic
  2078 | D:3      | Reached skill level 1 in Ice Magic
  2078 | D:3      | Reached skill level 1 in Air Magic
  2078 | D:3      | Reached skill level 1 in Earth Magic
  2078 | D:3      | Reached skill level 1 in Poison Magic
  2439 | D:4      | Reached XP level 5. HP: 32/37 MP: 9/9
  2671 | D:4      | Noticed Eustachio
  2753 | D:4      | Killed Eustachio
  2754 | D:4      | Reached XP level 6. HP: 26/44 MP: 9/11
  2759 | D:4      | Identified a scroll of acquirement
  2762 | D:4      | Acquired 916 gold pieces
  2846 | D:4      | Reached skill level 5 in Dodging
  3114 | D:4      | Found a shadowy altar of Dithmenos.
  3114 | D:4      | Found a stormy altar of Qazlal.
  3429 | D:4      | Found a radiant altar of Vehumet.
  3753 | D:5      | Entered Level 5 of the Dungeon
  4007 | D:5      | Found a staircase to the Ecumenical Temple.
  4013 | Temple   | Entered the Ecumenical Temple
  4195 | Temple   | Became a worshipper of Gozag Ym Sagoz the Greedy
  4220 | D:5      | Noticed an ice beast
  4250 | D:5      | Reached XP level 7. HP: 28/50 MP: 12/12
  4471 | D:5      | Found a large runed translucent door.
  4471 | D:5      | Found a large runed translucent door.
  4473 | D:5      | Noticed yumyumyeen's ghost (novice MiBe)
  4764 | D:5      | Found a sparkling altar of Nemelex Xobeh.
  4820 | D:5      | Reached XP level 8. HP: 53/58 MP: 14/14
  4975 | D:5      | Noticed Prince Ribbit
  4993 | D:5      | Killed Prince Ribbit
  5182 | D:6      | Noticed a troll
  5203 | D:6      | Killed a troll
  5204 | D:6      | Reached skill level 11 in Long Blades
  5207 | D:6      | Noticed Maggie
  5919 | D:5      | Learned a level 3 spell: Tukima's Dance
  6108 | D:6      | Killed a wyvern
  6109 | D:6      | Reached XP level 9. HP: 46/65 MP: 2/16
  6113 | D:6      | Killed Maggie
  6114 | D:6      | Reached skill level 5 in Armour
  6114 | D:6      | Reached skill level 5 in Spellcasting
  6306 | D:6      | Noticed a green ugly thing
  6326 | D:6      | Killed a green ugly thing
  6327 | D:6      | Noticed a troll
  6340 | D:6      | Killed a troll
  6341 | D:6      | Reached skill level 5 in Invocations
  6628 | D:6      | Found an ornate altar of the Wu Jian Council.
  6682 | D:7      | Found a blossoming altar of Fedhas.
  7051 | D:7      | Found a hide-covered altar of Uskayaw.
  7288 | D:7      | Found the ring of the Mage {Wiz Archmagi}
  8029 | D:7      | Reached skill level 5 in Fighting
  8029 | D:7      | Reached skill level 5 in Short Blades
  8029 | D:7      | Reached skill level 5 in Axes
  8029 | D:7      | Reached skill level 5 in Maces & Flails
  8029 | D:7      | Reached skill level 5 in Polearms
  8029 | D:7      | Reached skill level 5 in Staves
  8029 | D:7      | Reached skill level 5 in Ranged Weapons
  8029 | D:7      | Reached skill level 5 in Throwing
  8029 | D:7      | Reached skill level 5 in Stealth
  8029 | D:7      | Reached skill level 5 in Shields
  8029 | D:7      | Reached skill level 5 in Unarmed Combat
  8029 | D:7      | Reached skill level 5 in Evocations
  8126 | D:8      | Noticed a troll
  8129 | D:8      | Reached XP level 10. HP: 74/74 MP: 18/18
  8909 | D:9      | Noticed a gargoyle
  8921 | D:9      | Gained mutation: Your magical capacity is low. (-10% MP)
                  | [potion of mutation]
  8921 | D:9      | Gained mutation: You are partially covered in iridescent
                  | scales. (AC +2) [potion of mutation]
  8923 | D:9      | Killed a gargoyle
  8924 | D:9      | Reached skill level 5 in Summonings
  9080 | D:9      | Found a staircase to the Orcish Mines.
  9082 | D:9      | Found Zoingef's Weapon Emporium.
  9175 | D:9      | Bought the +12 falchion of the Sheltering Bear {freeze,
                  | *Rage rF+ MP+9 Int+8} for 1417 gold pieces
  9324 | D:9      | Noticed a two-headed ogre
  9334 | D:9      | Killed a two-headed ogre
  9783 | D:10     | Entered Level 10 of the Dungeon
  9842 | D:10     | Reached skill level 12 in Long Blades
  9846 | D:10     | Reached skill level 5 in Conjurations
  9846 | D:10     | Reached skill level 5 in Hexes
  9846 | D:10     | Reached skill level 5 in Necromancy
  9846 | D:10     | Reached skill level 5 in Translocations
  9846 | D:10     | Reached skill level 5 in Transmutations
  9846 | D:10     | Reached skill level 5 in Fire Magic
  9846 | D:10     | Reached skill level 5 in Ice Magic
  9846 | D:10     | Reached skill level 5 in Air Magic
  9846 | D:10     | Reached skill level 5 in Earth Magic
  9846 | D:10     | Reached skill level 5 in Poison Magic
  9886 | D:10     | Found a runed translucent gate.
  9886 | D:10     | Found a runed translucent gate.
  9886 | D:10     | Found a runed translucent gate.
  9891 | D:10     | Noticed Cancer's ghost (journeyman TeAE)
  9909 | D:10     | Reached XP level 11. HP: 81/81 MP: 19/19
  9912 | D:10     | Noticed a two-headed ogre
  9926 | D:10     | Killed a two-headed ogre
 10431 | D:10     | Found a white marble altar of Elyvilon.
 10599 | D:10     | Found a shimmering blue altar of Sif Muna.
 10765 | D:11     | Noticed a death yak
 10769 | D:11     | Noticed a death yak
 10770 | D:11     | Noticed a death yak
 10771 | D:11     | Noticed a two-headed ogre
 10783 | D:11     | Killed a death yak
 10789 | D:11     | Killed a death yak
 10799 | D:11     | Killed a death yak
 10816 | D:11     | Killed a two-headed ogre
 11004 | D:11     | Found a staircase to the Lair.
 11034 | D:11     | Identified the +0 robe of Mutualism {rElec Will- SInv}
 11102 | D:11     | Found a viscous altar of Jiyva.
 11357 | D:11     | Reached XP level 12. HP: 48/91 MP: 21/21
 11628 | D:11     | Noticed a boulder beetle
 11650 | D:11     | Killed a boulder beetle
 11711 | D:11     | Noticed Harold
 11722 | D:11     | Killed Harold
 11974 | D:12     | Found Jugat's Antique Armour Emporium.
 11989 | D:12     | Bought a faintly humming scale mail for 315 gold pieces
 11989 | D:12     | Identified the +2 scale mail "Tounucwa" {rElec rCorr Int+4
                  | Dex-3} (You bought it in a shop on level 12 of the Dungeon)
 11989 | D:12     | Bought a bronze scale mail for 315 gold pieces
 11989 | D:12     | Identified the +4 scale mail of the Devil's Advocate
                  | {+Blink Fly Dex-5} (You bought it in a shop on level 12 of
                  | the Dungeon)
 12215 | D:12     | Noticed Kirke
 12484 | D:12     | Killed Kirke
 12557 | D:12     | Noticed a centaur warrior
 12564 | D:12     | Killed a centaur warrior
 13053 | D:13     | Noticed Rupert
 13143 | D:13     | Paralysed by Rupert for 5 turns
 13169 | D:12     | Annihilated by Rupert

Illustrated notes

Levels and vault maps discovered:
D:1:      dpeg_arrival_snail, layout_basic, chequers_serial_rivers_large_a
D:2:      minmay_general_purpose_star, layout_loops_cross, minmay_domino_4
D:3:      layout_loops_ring, bloody_makhleb, ebering_ecumenical_altar_petrified
D:4:      layout_layer_cave, mainiacjoe_overflow_24_doors,
          nicolae_overflow_two_pavilions, st_stairs_12, uniq_eustachio
D:5:      layout_basic, nemelex_altar_shiori, minmay_temple_entry_hall,
          ebering_ghost_disaster_area, uniq_prince_ribbit1
D:6:      layout_loops_ring, nicolae_wu_jian_glorious_leap, serial_bayou_pond_d,
          kb_rosetta, uniq_maggie
D:7:      layout_basic, fedhas_bush_and_centaur_altar,
          mainiacjoe_overflow_concentric_impassable, corexii_corridor_pit
D:8:      layout_cave_pools
D:9:      layout_irregular_city, orc_david_3, nicolae_titane
D:10:     nicolae_cairo_tiling, layout_stronghold, mainiacjoe_overflow_chevrons,
          nicolae_sif_muna_condensation, gammafunk_ghost_necromancy,
          serial_co_window_serial, co_window_of_opportunity_a,
          co_window_corner_a, co_window_corner_a, co_window_corner_a,
          co_window_corner_a, co_window_2corner, co_window_of_opportunity_b,
          co_window_corner_cb, glass_columns_c, glass_columns_c,
          glass_columns_a, glass_columns_a, glass_columns_a
D:11:     layout_roguey, dpeg_lair_monsters, jiyva_altar_1, uniq_harold
D:12:     layout_cave_pools, serial_shops, shop, serial_column_ruins,
          column_ruins_columns_corner, column_ruins_open_tiny,
          column_ruins_open_tiny, column_ruins_columns_dead_end,
          column_ruins_columns_corner, column_ruins_open_large, uniq_kirke
D:13:     layout_cave_pools, david_vaults_4, uniq_rupert, uniq_maurice
Temple:   minmay_temple_bridge_abc

Skill      XL: |  1  2  3  4  5  6  7  8  9 10 11 12 |
---------------+-------------------------------------+-----
Long Blades    | 11 12 | 12.9
Summonings     | 2 3 4 5 6 7 |  7.0
Invocations    | 1 2 3 4 5 6 7 8 |  8.7
Fighting       | 1 2 3 4 5 6 7 |  7.9
Short Blades   | 1 2 3 4 5 6 7 |  7.9
Axes           | 1 2 3 4 5 6 7 |  7.9
Maces & Flails | 1 2 3 4 5 6 7 |  7.9
Polearms       | 1 2 3 4 5 6 7 |  7.9
Staves         | 1 2 3 4 5 6 7 |  7.9
Ranged Weapons | 1 2 3 4 5 6 7 |  7.9
Throwing       | 1 2 3 4 5 6 7 |  7.9
Stealth        | 1 2 3 4 5 6 7 |  7.9
Shields        | 1 2 3 4 5 6 7 |  7.9
Unarmed Combat | 1 2 3 4 5 6 7 |  7.9
Evocations     | 1 2 3 4 5 6 7 |  7.9
Spellcasting   | 3 4 5 6 7 8 |  8.5
Conjurations   | 1 2 3 4 5 6 |  6.6
Hexes          | 1 2 3 4 5 6 |  6.6
Necromancy     | 1 2 3 4 5 6 |  6.6
Translocations | 1 2 3 4 5 6 |  6.6
Transmutations | 1 2 3 4 5 6 |  6.6
Fire Magic     | 1 2 3 4 5 6 |  6.6
Ice Magic      | 1 2 3 4 5 6 |  6.6
Air Magic      | 1 2 3 4 5 6 |  6.6
Earth Magic    | 1 2 3 4 5 6 |  6.6
Poison Magic   | 1 2 3 4 5 6 |  6.6
Armour         | 3 4 5 6 7 8 |  8.4
Dodging        | 5 6 7 8 9 |  9.2

Action                     |  1- 3 |  4- 6 |  7- 9 | 10-12 || total
---------------------------+-------+-------+-------+-------++-------
  Melee: Falchion          |    93 |   190 |   318 |   502 ||  1103
         Bite              |     6 |     7 |    36 |    64 ||   113
         Punch             |     1 |       |       |       ||     1
   Cast: Summon Small Mamm |    27 |     4 |     4 |     4 ||    39
         Tukima's Dance    |       |       |     3 |     2 ||     5
         Summon Guardian G |       |       |     4 |     2 ||     6
  Evoke: Wand              |       |       |       |     7 ||     7
    Use: Potion            |       |     6 |     6 |     8 ||    20
         Scroll            |       |     9 |     5 |     7 ||    21
   Stab: Distracted        |     1 |     1 |     1 |     2 ||     5
         Sleeping          |       |     6 |     2 |     1 ||     9
 Armour: Robe              |    17 |    38 |    14 |       ||    69
         Skin              |       |    71 |    10 |       ||    81
         Scale mail        |       |       |    34 |   130 ||   164
         Ring mail         |       |       |       |    18 ||    18
  Dodge: Dodged            |    54 |    71 |    84 |   133 ||   342
  Block: Kite shield       |       |   104 |   212 |   374 ||   690
         Reflection        |       |       |     3 |    26 ||    29

Table legend: (Time is in decaauts)
 A = Elapsed time spent in this place.
 B = Non-inter-level travel time spent in this place.
 C = Inter-level travel time spent in this place.
 D = Time resting spent in this place.
 E = Time spent auto-exploring this place.
 F = Levels seen in this place.
 G = Mean time per level.
                   A        B        C        D        E       F      G
               +--------+--------+--------+--------+--------+-----+--------+
         Total |  13165 |  12721 |    444 |    871 |   9361 |  14 |  940.4 |
       Dungeon |  12962 |  12538 |    424 |    871 |   9194 |  13 |  997.1 |
        Temple |    202 |    182 |     20 |      0 |    167 |   1 |  202.0 |
               +--------+--------+--------+--------+--------+-----+--------+

Top non-repeatable levels by time:
     D:7: 1551 daAuts
     D:5: 1541 daAuts
     D:4: 1399 daAuts
    D:11: 1321 daAuts
    D:12: 1114 daAuts
     D:6: 1113 daAuts
    D:10: 1011 daAuts
     D:2: 995 daAuts
     D:9: 959 daAuts
     D:1: 707 daAuts
     D:3: 614 daAuts
     D:8: 610 daAuts
  Temple: 202 daAuts
    D:13: 22 daAuts
